 Dungeon Crawl Stone Soup version 0.30-a0-137-gd8773701ce (webtiles) character file.

Game seed: 15114803963322355307

302 IdlyInterested the Cutter (level 6, -5/47 HPs)
             Began as a Demonspawn Gladiator on Sept 23, 2022.
             Slain by Pikel
             ... wielding a +1 whip of freezing
              (11 damage)
             ... on level 4 of the Dungeon.
             The game lasted 00:10:12 (4981 turns).

IdlyInterested the Cutter (Demonspawn Gladiator)    Turns: 4981, Time: 00:10:13

Health: -5/47      AC:  8    Str: 14    XL:     6   Next: 14%
Magic:  6/6        EV: 14    Int:  9    God:
Gold:   168        SH:  0    Dex: 17    Spells: 5/5 levels left

rFire   . . .      SeeInvis .    g - +0 short sword (venom)
rCold   . . .      Faith    .    (no shield)
rNeg    . . .      Spirit   .    t - +0 scale mail
rPois   .          Reflect  .    c - +0 helmet
rElec   .          Harm     .    (no cloak)
rCorr   .          Rampage  .    v - +0 pair of gloves
Will    .....                    (no boots)
Stlth   +.........               k - amulet of magic regeneration
HPRegen 0.15/turn                f - +4 ring of evasion
MPRegen 0.50/turn                (no ring)

@: mighty
A: powered by pain 2
a: no special abilities


You were on level 4 of the Dungeon.
You visited 1 branch of the dungeon, and saw 4 of its levels.

You collected 168 gold pieces.

Inventory:

Hand Weapons
 a - a +2 rapier
 g - a +0 short sword of venom (weapon)
 u - a +1 dagger of freezing
Missiles
 d - 2 throwing nets
 e - a javelin
 p - 5 poisoned darts (quivered)
Armour
 b - a +0 leather armour
 c - a +0 helmet (worn)
 j - a +0 hat
 l - a +0 ring mail
 t - a +0 scale mail (worn)
 v - a +0 pair of gloves (worn)
Jewellery
 f - a +4 ring of evasion (left hand)
 k - an amulet of magic regeneration (around neck)
Wands
 q - a wand of charming (6)
Scrolls
 i - a scroll of blinking
 r - a scroll of immolation
Potions
 h - a potion of mutation
 n - a potion of haste {unknown}
 s - a potion of degeneration {unknown}
 w - a potion of attraction {unknown}


   Skills:
 * Level 3.5 Fighting
 + Level 4.1 Short Blades
 - Level 1.7 Throwing
 - Level 2.6 Dodging
 - Level 4.0 Stealth


You had 5 spell levels left.
You didn't know any spells.
Your spell library contained the following spells:

 Spells                   Type           Power      Damage    Failure   Level
 Beastly Appendage        Tmut           0%         N/A       88%         1
 Scorch                   Fire           0%         2d5       95%         2
 Wereblood                Tmut           0%         N/A       95%         2
 Kindle Blastsparks       Fire/Tloc/Air  0%         2d10      99%         3
 Spider Form              Tmut/Pois      0%         N/A       99%         3
 Flame Wave               Conj/Fire      0%         2d4       100%        4
 Fulminant Prism          Conj/Hex       0%         3d6       100%        4
 Iskenderun's Mystic Bla  Conj/Tloc      0%         2d3       100%        4
 Lee's Rapid Deconstruct  Erth           0%         3d5*      100%        5
 Summon Cactus Giant      Summ           0%         N/A       100%        6


Dungeon Overview and Level Annotations

Branches:
Dungeon (4/15)
 Temple: D:4-7

Altars:

Annotations:
D:4 Pikel


Innate Abilities, Weirdness & Mutations

You sometimes gain power by taking damage.


Message History

The lemure is almost dead.
You hit the lemure.
The lemure looks as sick as possible!
The lemure is almost dead.
You kill the lemure!
That felt strangely unrewarding.
You hit Pikel but do no damage.
Pikel hits you with a +1 whip of freezing.
Pikel freezes you.
You hit Pikel.
Pikel is poisoned.
Pikel is lightly wounded.
Pikel hits you with a +1 whip of freezing.
Pikel freezes you.
You barely miss Pikel.
Pikel is lightly wounded.
Pikel closely misses you.
You closely miss Pikel.
Pikel is lightly wounded.
You hit Pikel but do no damage.
Pikel looks as sick as possible!
Pikel is lightly wounded.
Pikel closely misses you.
You hit Pikel.
Pikel looks as sick as possible!
Pikel is lightly wounded.
Pikel hits you with a +1 whip of freezing.
Pikel freezes you.
You hit Pikel.
Pikel looks as sick as possible!
Pikel is moderately wounded.
Pikel hits you with a +1 whip of freezing!
* * * LOW HITPOINT WARNING * * *
You focus on the pain.
You feel very mighty all of a sudden. Pikel freezes you.
* * * LOW HITPOINT WARNING * * *
Throw: 3 throwing nets
Press: ? - help, Shift-Dir - straight line, f - Pikel
Aim: Pikel, wielding a +1 whip of freezing and wearing a +0 robe (moderately wounded, extremely poisoned, 53% to hit)
You throw a throwing net.
The throwing net completely misses Pikel.
The throwing net closely misses the lemure.
Pikel hits you with a +1 whip of freezing!
You die...

# #.# #.# #.#
#.# #.# #.######
#<# ### #.......
# #.# #..
########
#.####.###.# #
...........# .#
#......###.###.#
.(....5K@......#
########
###########..###
#....)>. #..#
#.###### #..#
##.##
#..####†..#####
#....†........#
#.#####...###.#
#.# ##.## #.#
#.#


You could see Pikel (extremely poisoned) and a lemure.

Vanquished Creatures
  3 lemures (D:4)
  A hound (D:4)
  Natasha (thrice) (D:2)
  An iguana (D:4)
  An orc wizard (D:3)
  5 adders
  A dart slug (D:1)
  10 orcs
  2 bats
  10 endoplasms
  2 giant cockroaches
  12 goblins
  4 hobgoblins
  15 jackals
  A quokka (D:3)
  5 ball pythons
  7 kobolds
  7 rats
90 creatures vanquished.

Vanquished Creatures (others)
  11 plants (D:2)
11 creatures vanquished.

Grand Total: 101 creatures vanquished

Notes
Turn   | Place    | Note
-------+----------+-------------------------------------------
     0 | D:1      | IdlyInterested the Demonspawn Gladiator began the quest for
                  | the Orb.
     0 | D:1      | Reached XP level 1. HP: 16/16 MP: 1/1
   419 | D:1      | Reached skill level 1 in Stealth
   446 | D:1      | Gained mutation: You sometimes gain a little power by
                  | taking damage. [demonic ancestry]
   446 | D:1      | Reached XP level 2. HP: 11/22 MP: 2/2
   746 | D:1      | Found a faded altar of an unknown god.
  1728 | D:2      | Reached XP level 3. HP: 27/27 MP: 3/3
  2588 | D:2      | Noticed Natasha
  2596 | D:2      | Killed Natasha
  2597 | D:2      | Reached XP level 4. HP: 25/33 MP: 4/4
  3105 | D:2      | Noticed Natasha
  3118 | D:2      | Killed Natasha
  3119 | D:2      | Noticed Natasha
  3132 | D:2      | Killed Natasha
  3133 | D:2      | Gained mutation: You sometimes gain power by taking damage.
                  | [demonic ancestry]
  3133 | D:2      | Reached XP level 5. HP: 31/38 MP: 5/5
  4882 | D:4      | Reached XP level 6. HP: 47/47 MP: 6/6
  4929 | D:4      | Noticed Pikel
  4981 | D:4      | Slain by Pikel

Illustrated notes

Levels and vault maps discovered:
D:1:      minmay_arrival_jagged, layout_basic, shapermc_ecumenical_altar_ellora,
          nrook_campfire, corexii_hall_statues_i
D:2:      layout_rooms, minmay_misc_feat_square, serial_bayou_lagoon_a,
          grunt_ministairs_10, minmay_hexomino_p4, uniq_natasha
D:3:      layout_basic
D:4:      layout_loops_ring, uniq_ijyb, uniq_pikel, uniq_grinder

Skill      XL: |  1  2  3  4  5 |
---------------+----------------+-----
Stealth        | 1 2 3 4 |  4.0
Short Blades   | 3 4 |  4.1
Fighting       | 3 |  3.5
Throwing       | |  1.7
Dodging        | |  2.6

Action                   |  1- 3 |  4- 6 || total
-------------------------+-------+-------++-------
Melee: Rapier            |   156 |    84 ||   240
       Punch             |     2 |     2 ||     4
       Short sword       |       |   145 ||   145
Throw: Dart              |       |     3 ||     3
       Throwing net      |       |     1 ||     1
  Use: Scroll            |       |     9 ||     9
       Potion            |       |     2 ||     2
 Stab: Sleeping          |     2 |     1 ||     3
Armor: Leather armour    |    21 |       ||    21
       Ring mail         |    26 |       ||    26
       Scale mail        |       |    53 ||    53
Dodge: Dodged            |   150 |   139 ||   289

Table legend: (Time is in decaauts)
 A = Elapsed time spent in this place.
 B = Non-inter-level travel time spent in this place.
 C = Inter-level travel time spent in this place.
 D = Time resting spent in this place.
 E = Time spent auto-exploring this place.
 F = Levels seen in this place.
 G = Mean time per level.
                   A        B        C        D        E       F      G
               +--------+--------+--------+--------+--------+-----+--------+
         Total |   4972 |   4283 |    689 |   1041 |   2325 |   4 | 1243.0 |
       Dungeon |   4972 |   4283 |    689 |   1041 |   2325 |   4 | 1243.0 |
               +--------+--------+--------+--------+--------+-----+--------+

Top non-repeatable levels by time:
     D:1: 1824 daAuts
     D:3: 1596 daAuts
     D:2: 1411 daAuts
     D:4: 139 daAuts
